Unix NetHack Version 5.0.0-0 post-release - last build May 23 2026 06:08:33 (1c0ff79ee797540d5714e4e18072db0edd9e58ae,branch:main).

Game began 2026-05-29 05:34:49, ended 2026-05-29 05:51:58.

7spoons, lawful female human Valkyrie

                        ------
                        |....|    -----------
                        |....|####-.........|
                       #.....|#   |.........-##
                       #----.-#   |.........| #
                       #    ###   |....`....| #
                       #    #     |.........| #
                 ####### ####     ------.---- ###
     ------------#       #              #       #    -----
     |!!!!!!!!!.|#      -|---           #       #    ....|
     |!!!!!!!!!.|#      |...|           #       ###  ....|
     |!!!!!!!!!.|#      |...|           #         # .....|
     |!!!!!!.!..|#      |...|          ##         #|)....|
     |!!!!!!!!!.-#      |....#        ##          f@..(..|
     |!!!!!!!!!.|       |...|####-----.-           |......
     ------------       |.>.|   #...<{.|            ------
                        -----    |....(|
                                 -------

7spoons the Stripling       St:15 Dx:13 Co:18 In:7 Wi:11 Ch:11  Lawful
Dlvl:3  $:17 HP:0(16) Pw:2(2) AC:2  Xp:1 T:1323 

Latest messages:
 The door opens.
 You hit the gecko.
 The gecko just misses!
 You miss the gecko.
 The gecko bites!
 You hit the gecko.
 You miss the gecko.
 The gecko misses!
 a - a +1 spear (weapon in right hand).
 b - a +0 dagger (alternate weapon; not wielded).
 You kill the gecko!
 You see here a scroll labeled GHOTI.
 t - a scroll labeled GHOTI.
 You swap places with your kitten.
 The kitten misses the coyote.
 You miss the coyote.
 The coyote bites!
 The kitten misses the coyote.
 The kitten misses the coyote.
 You swap places with your kitten.
 The coyote bites!
 The kitten misses the coyote.
 The kitten misses the coyote.
 It bites the coyote.
 The coyote misses it.
 It misses the coyote.
 You miss the coyote.
 The coyote bites!
 It misses the coyote.
 It bites the coyote.
 The coyote is killed!
 You miss the gas spore.
 You have no ammunition readied.
 What do you want to fire? [$bs or ?*]
 You ready: s - 3 uncursed darts.
 In what direction?
 The dart hits the gas spore.
 In what direction?
 The dart misses the gas spore.
 In what direction?
 The dart hits the gas spore.
 You kill the gas spore!
 Boom!
 You are caught in the gas spore's explosion!
 It is fatal.
 Do you want your possessions identified? [ynq] (y)
 Do you want to see your attributes? [ynq] (y)
 Do you want an account of creatures vanquished? [ynaq] (y)
 Do you want to see your conduct and achievements? [ynq] (y)
 Do you want to see the dungeon overview? [ynq] (y)

Inventory:
 Coins    ('$')
  $ - 17 gold pieces
 Weapons  (')')
  r - 11 +0 orcish arrows
  b - a +0 dagger (alternate weapon; not wielded)
  a - a +1 spear (weapon in right hand)
 Armor    ('[')
  h - an uncursed +0 orcish helm (being worn)
  c - an uncursed +3 small shield (being worn)
  i - an uncursed +0 banded mail
  o - an uncursed +0 studded leather armor (being worn)
 Comestibles  ('%')
  d - 2 uncursed food rations
  j - an uncursed fortune cookie
  q - 2 uncursed tripe rations
 Scrolls  ('?')
  k - an uncursed scroll of identify
  t - an uncursed scroll of light
  g - a blessed scroll of punishment
  p - an uncursed scroll of teleportation
 Potions  ('!')
  f - 2 uncursed potions of healing
  l - an uncursed potion of monster detection
 Wands    ('/')
  n - a wand of speed monster (0:6)
 Tools    ('(')
  m - a cursed skeleton key

7spoons the Valkyrie's attributes:

Background:
 You were a Stripling, a level 1 human Valkyrie.
 You were lawful, on a mission for Tyr
 who was opposed by Odin (neutral) and Loki (chaotic).
 You were right-handed.
 You were in the Dungeons of Doom, on level 3.
 You entered the dungeon 1323 turns ago.
 It was nighttime.
 You had 15 experience points, 5 more were needed to attain level 2.

Basics:
 You had 0 out of 16 hit points.
 You had both energy points (spell power).
 Your armor class was 2.
 Your wallet contained 17 zorkmids.
 Autopickup was off.

Final Characteristics:
 Your strength was 15 (limit:18/100).
 Your dexterity was 13 (limit:18).
 Your constitution was 18 (limit:18).
 Your intelligence was 7 (limit:18).
 Your wisdom was 11 (limit:18).
 Your charisma was 11 (limit:18).

Final Status:
 You weren't hungry.
 You were unencumbered.
 You were wielding a spear.
 You had basic skill with spear.

Final Attributes:
 You were devoutly aligned.
 You were cold resistant.
 You were warded.
 You are dead.

Miscellaneous:
 You didn't encounter any bones levels.
 Total elapsed playing time was 17 minutes and 4 seconds.

Major events:
 Turn
    1: 7spoons the lawful human Valkyrie entered the dungeon
  582: entered the Gnomish Mines
 1323: killed by a gas spore's explosion

You didn't know any spells.

Skills:
 Fighting Skills
   bare handed combat [Unskilled]
   two weapon combat  [Unskilled]
   riding             [Unskilled]
 Weapon Skills
   dagger             [Basic]
   axe                [Unskilled]
   pick-axe           [Unskilled]
   short sword        [Unskilled]
   broadsword         [Unskilled]
   long sword         [Unskilled]
   two-handed sword   [Unskilled]
   saber              [Unskilled]
   hammer             [Unskilled]
   quarterstaff       [Unskilled]
   polearms           [Unskilled]
   spear              [Basic]
   trident            [Unskilled]
   lance              [Unskilled]
   sling              [Unskilled]
 Spellcasting Skills
   attack spells      [Unskilled]
   escape spells      [Unskilled]

Voluntary challenges:
 Character rerolling was not enabled.
 You were illiterate.
 You never genocided any monsters.
 You never polymorphed an object.
 You never changed form.
 You used no wishes.
Achievements:
 You entered the Gnomish Mines.
 You entered a shop.

 The Dungeons of Doom: levels 1 to 4
    Level 1:
    Level 2:
       A general store.
       Stairs down to The Gnomish Mines.
    Level 3: <- You were here.
       A potion shop, a fountain.
       Final resting place for
          you, killed by a gas spore's explosion.
    Level 4:
       An altar to Tyr.
 The Gnomish Mines:
    Level 3:


Vanquished creatures:
  a coyote
  a gas spore
  a gecko
  9 jackals
  2 kobolds
  2 goblins
  2 lichens
  7 newts
25 creatures vanquished.

No species were genocided or became extinct.

Game over:
                       ----------
                      /          \
                     /    REST    \
                    /      IN      \
                   /     PEACE      \
                  /                  \
                  |     7spoons      |
                  |      17 Au       |
                  | killed by a gas  |
                  |     spore's      |
                  |    explosion     |
                  |                  |
                  |       2026       |
                 *|     *  *  *      | *
        _________)/\\_//(\/(/\)/\//\/|_)_______

Farvel 7spoons the Valkyrie...

You died in The Dungeons of Doom on dungeon level 3 with 226 points,
and 17 pieces of gold, after 1323 moves.
You were level 1 with a maximum of 16 hit points when you died.

